 Dungeon Crawl Stone Soup version 0.29-a0-350-g7790a0e70a (webtiles) character file.

Game seed: 14827471171399671830

120 spaghetti the Covert (level 5, 0/47 HPs)
             Began as a Gnoll Delver on Apr 23, 2022.
             Slain by an orc
             ... wielding a +0 hand axe
              (4 damage)
             ... on level 6 of the Dungeon.
             The game lasted 00:00:50 (76 turns).

spaghetti the Covert (Gnoll Delver)                   Turns: 76, Time: 00:00:51

Health: 0/47       AC:  3    Str: 11    XL:     5   Next: 4%
Magic:  6/6        EV: 13    Int: 11    God:
Gold:   0          SH:  0    Dex: 14    Spells: 6/6 levels left

rFire   . . .      SeeInvis .   e - +2 quarterstaff (spect) {staff}
rCold   . . .      Faith    .   (shield currently unavailable)
rNeg    . . .      Spirit   .   b - +0 leather armour
rPois   .          Reflect  .   (no helmet)
rElec   .          Harm     .   (no cloak)
rCorr   .          Rampage  .   (no gloves)
Will    .....                   (no boots)
Stlth   ++++......              (no amulet)
HPRegen 0.15/turn               (no ring)
MPRegen 0.10/turn               (no ring)

@: no status effects
A: fangs 1, strong nose, distributed training
a: no special abilities


You were on level 6 of the Dungeon.
You visited 1 branch of the dungeon, and saw 2 of its levels.


Innate Abilities, Weirdness & Mutations

You have very sharp teeth.
Your uncanny sense of smell can sniff out nearby items.
Your experience applies equally to all skills.


   Skills:
 + Level 6.6 Fighting
 + Level 4.7 Short Blades
 + Level 1.3 Long Blades
 + Level 1.3 Axes
 + Level 1.3 Maces & Flails
 + Level 1.3 Polearms
 + Level 1.3 Staves
 + Level 1.3 Slings
 + Level 1.3 Bows
 + Level 1.3 Crossbows
 + Level 1.3 Throwing
 + Level 1.3 Armour
 + Level 4.7 Dodging
 + Level 9.6 Stealth
 + Level 1.3 Shields
 + Level 1.3 Unarmed Combat
 + Level 1.3 Spellcasting
 + Level 1.0 Conjurations
 + Level 1.0 Hexes
 + Level 1.0 Summonings
 + Level 1.0 Necromancy
 + Level 1.0 Translocations
 + Level 1.0 Transmutations
 + Level 1.0 Fire Magic
 + Level 1.0 Ice Magic
 + Level 1.0 Air Magic
 + Level 1.0 Earth Magic
 + Level 1.0 Poison Magic
 + Level 1.4 Invocations
 + Level 1.3 Evocations


You had 6 spell levels left.
You didn't know any spells.
Your spell library was empty.

Inventory:

Hand Weapons
 a - a +0 short sword {short}
 e - a +2 spectral quarterstaff (weapon) {staff}
   (You found it on level 5 of the Dungeon)
Armour
 b - a +0 leather armour (worn)
Wands
 g - a wand of digging (3)
Scrolls
 d - a scroll of magic mapping {!r}
Potions
 f - a potion of haste {@q3}

Dungeon Overview and Level Annotations

Branches:
Dungeon (6/15)
 Temple: D:4-7

Altars:

..#.## #....# #....# #
....#.###. #.P
#......#.. ..
###..##..#.. .#∆
#........#..#.###
...#####o##..##.#.#....
.......@oo.{....#....#
#...####§§§#§§§.#...##
# ###§##§§.#...<#
####§o§§§§.§...#
#..§§###§§##.###
o.....#§..<.....#
......#§###...### ...o.
#.. ........ .o...
#§####...###


You could see an orc wizard and 2 orcs.


Message History

Unknown command.
Okay, then.
Okay, then.
Press: ? - help, v - describe, . - travel, g - get item Item here: a runed quarterstaff.
The floor.
Unknown command.
As you read the scroll of fear, it crumbles to dust.
You assume a fearsome visage.
The scorpion looks frightened!
A necrophage comes into view.
You see here a +2 spectral quarterstaff {staff}.
e - a +2 spectral quarterstaff {staff} 😎 MP[+1]
Press: ? - help, v - describe, . - travel The floor. 😎 MP[+1]
There is a stone staircase leading down here.
You climb downwards.
Found a stone staircase leading up.
There is a stone staircase leading up here.
Unknown command.
Unknown command.
You feel a bond with your +2 spectral quarterstaff {staff}.
e - a +2 spectral quarterstaff (weapon)
{staff} An orc comes into view. It is wielding a +0 hand axe.
A jelly comes into view. 😎 MP[+1]
There is a stone staircase leading up here.
You climb upwards.
The gnoll shaman shouts!
You hear a shout!
The gnoll shouts!
A gnoll comes into view.
It is wielding a +2 flail of protection.
An ice beast comes into view.
The gnoll shaman calls down the wrath of its god upon you.
You resist with some effort.
There is a stone staircase leading down here.
Unknown command.
Unknown command.
Press: ? - help, v - describe, . - travel
Here: a gnoll, wielding a +1 halberd of freezing The floor.
You climb downwards.
There is a stone staircase leading up here.
An orc wizard comes into view. It is wielding a +0 dagger.
The helpless jelly fails to defend itself.
You sock the jelly! The acid corrodes you!
Your hands burn!
Your +2 spectral quarterstaff {staff} hits the jelly!
You kill the jelly!
You have reached level 5! 😕 HP[+5] MP[+2]
You now have 47 max hp (+6).
You regained 5 hp, and now have 46/47 hp.
Your mp is fully restored (6).
Unknown command.
Unknown command.
An orc priest comes into view. It is wielding a +0 dagger.
The orc wizard shouts!
You hear a shout! x2; The orc priest shouts!
The orc wizard gestures at you while chanting.
The magic dart hits you! 😕 HP[-9]
You take 9 damage, and now have 37/47 hp.
Found a stone staircase leading down.
An orc comes into view. It is wielding a +0 flail.
The orc wizard casts a spell at you. The puff of flame hits you!
An orc comes into view. It is wielding a +0 hand axe.
The orc shouts! 😮 HP[-9]
You take 9 damage, and now have 28/47 hp.
An orc wizard comes into view. It is wielding a +0 dagger.
The orc priest mumbles some strange prayers to Beogh against you.
Pain shoots through your body!
* * * LOW HITPOINT WARNING * * *
The orc wizard gestures at you while chanting.
The magic dart hits you!
* * * LOW HITPOINT WARNING * * *
😨 HP[-15]
You take 15 damage, and now have 13/47 hp.
MASSIVE DAMAGE!! (PAUSE)
Okay, then.
Okay, then.
As you read the scroll of fog, it crumbles to dust.
The scroll dissolves into smoke.
The orc wizard gestures at you while chanting.
You resist with some effort. 😨 HP[+1]
The orc shouts!
The orc wizard gestures at you while chanting.
The puff of flame hits you!
* * * LOW HITPOINT WARNING * * *
😱 HP[-11]
You take 11 damage, and now have 3/47 hp.
MASSIVE DAMAGE!! (PAUSE) Unknown command. 😱 HP[+1]
The orc wizard casts a spell.
The orc wizard flickers and vanishes!
Deactivating autopickup; reactivate with Ctrl-A.
You are no longer corroded.
The orc hits you with a +0 hand axe.
You die...

Skill      XL: |  1 |
---------------+----+-----
Stealth        | |  9.6
Long Blades    | 1 |  1.3
Axes           | 1 |  1.3
Maces & Flails | 1 |  1.3
Polearms       | 1 |  1.3
Staves         | 1 |  1.3
Slings         | 1 |  1.3
Bows           | 1 |  1.3
Crossbows      | 1 |  1.3
Throwing       | 1 |  1.3
Armour         | 1 |  1.3
Shields        | 1 |  1.3
Unarmed Combat | 1 |  1.3
Spellcasting   | 1 |  1.3
Conjurations   | 1 |  1.0
Hexes          | 1 |  1.0
Summonings     | 1 |  1.0
Necromancy     | 1 |  1.0
Translocations | 1 |  1.0
Transmutations | 1 |  1.0
Fire Magic     | 1 |  1.0
Ice Magic      | 1 |  1.0
Air Magic      | 1 |  1.0
Earth Magic    | 1 |  1.0
Poison Magic   | 1 |  1.0
Invocations    | 1 |  1.4
Evocations     | 1 |  1.3
Fighting       | |  6.6
Short Blades   | |  4.7
Dodging        | |  4.7

Action                   |  1- 3 |  4- 6 || total
-------------------------+-------+-------++-------
Melee: Short sword       |     1 |       ||     1
       Quarterstaff      |       |     1 ||     1
  Use: Scroll            |       |     2 ||     2
 Stab: Sleeping          |     1 |     1 ||     2

Levels and vault maps discovered:
D:5:      layout_rooms, chei_slow_surprise, mainiacjoe_overflow_24_doors,
          serial_shops, shop
D:6:      layout_basic, mainiacjoe_overflow_tiny_flanked,
          kiku_gazebo_garden_becter, minmay_temple_entry_slanted

Notes
Turn   | Place    | Note
-------+----------+-------------------------------------------
     0 | D:5      | Reached skill level 9 in Stealth
     0 | D:5      | spaghetti the Gnoll Delver began the quest for the Orb.
     0 | D:5      | Reached XP level 1. HP: 23/23 MP: 1/1
     0 | D:5      | magus.rc [v1.9.6]
    12 | D:5      | Noticed an ice beast
    14 | D:5      | Noticed a scorpion
    18 | D:5      | Killed an ice beast
    19 | D:5      | Reached skill level 1 in Long Blades
    19 | D:5      | Reached skill level 1 in Axes
    19 | D:5      | Reached skill level 1 in Maces & Flails
    19 | D:5      | Reached skill level 1 in Polearms
    19 | D:5      | Reached skill level 1 in Staves
    19 | D:5      | Reached skill level 1 in Slings
    19 | D:5      | Reached skill level 1 in Bows
    19 | D:5      | Reached skill level 1 in Crossbows
    19 | D:5      | Reached skill level 1 in Throwing
    19 | D:5      | Reached skill level 1 in Armour
    19 | D:5      | Reached skill level 1 in Shields
    19 | D:5      | Reached skill level 1 in Unarmed Combat
    19 | D:5      | Reached skill level 1 in Spellcasting
    19 | D:5      | Reached skill level 1 in Conjurations
    19 | D:5      | Reached skill level 1 in Hexes
    19 | D:5      | Reached skill level 1 in Summonings
    19 | D:5      | Reached skill level 1 in Necromancy
    19 | D:5      | Reached skill level 1 in Translocations
    19 | D:5      | Reached skill level 1 in Transmutations
    19 | D:5      | Reached skill level 1 in Fire Magic
    19 | D:5      | Reached skill level 1 in Ice Magic
    19 | D:5      | Reached skill level 1 in Air Magic
    19 | D:5      | Reached skill level 1 in Earth Magic
    19 | D:5      | Reached skill level 1 in Poison Magic
    19 | D:5      | Reached skill level 1 in Invocations
    19 | D:5      | Reached skill level 1 in Evocations
    19 | D:5      | Reached XP level 2. HP: 29/29 MP: 1/3
    19 | D:5      | Reached XP level 3. HP: 35/35 MP: 1/4
    19 | D:5      | Reached XP level 4. HP: 41/41 MP: 1/5
    25 | D:5      | Noticed a necrophage
    57 | D:5      | Noticed an ice beast
    63 | D:6      | Reached XP level 5. HP: 46/47 MP: 6/6
    71 | D:6      | HP: 3/47 [orc wizard/puff of flame (11)]
    76 | D:6      | Slain by an orc

Vanquished Creatures
  An ice beast (D:5)
  A jelly (D:6)
2 creatures vanquished.

Table legend:
 A = Non-vault XP
 B = Vault XP
 C = Vault XP percentage of total XP
 D = Non-vault monster count
 E = Vault monster count
 F = Vault count percentage of total count
                 A         B        C        D         E       F
            +---------+---------+-------+---------+---------+-------
      Total |     172 |       0 |   0.0 |       2 |       0 |   0.0
            +---------+---------+-------+---------+---------+-------
        D:5 |     129 |       0 |   0.0 |       1 |       0 |   0.0
        D:6 |      43 |       0 |   0.0 |       1 |       0 |   0.0
            +---------+---------+-------+---------+---------+-------

Illustrated notes

Table legend:
 A = Kills in this place as a percentage of kills in entire the game.
 B = Kills by you in this place as a percentage of kills by you in the entire game.
 C = Kills by friends in this place as a percentage of kills by friends in the entire game.
 D = Other kills in this place as a percentage of other kills in the entire game.
 E = Experience gained in this place as a percentage of experience gained in the entire game.
 F = Experience gained in this place divided by the number of levels of this place that you have seen.
                   A       B       C       D       E      F
               +-------+-------+-------+-------+-------+----------------------
         Total | 100.0 | 100.0 |   N/A |   N/A | 100.0 |  86.0
       Dungeon | 100.0 | 100.0 |   N/A |   N/A | 100.0 |  86.0
               +-------+-------+-------+-------+-------+----------------------

Table legend: (Time is in decaauts)
 A = Elapsed time spent in this place.
 B = Non-inter-level travel time spent in this place.
 C = Inter-level travel time spent in this place.
 D = Time resting spent in this place.
 E = Time spent auto-exploring this place.
 F = Levels seen in this place.
 G = Mean time per level.
                   A        B        C        D        E       F      G
               +--------+--------+--------+--------+--------+-----+--------+
         Total |     76 |     76 |      0 |      0 |     11 |   2 |   38.0 |
       Dungeon |     76 |     76 |      0 |      0 |     11 |   2 |   38.0 |
               +--------+--------+--------+--------+--------+-----+--------+

Top non-repeatable levels by time:
     D:5: 49 daAuts
     D:6: 26 daAuts
